 Dungeon Crawl Stone Soup version 0.28.0-43-g3370ac3207 (webtiles) character file.

Game seed: 2136158734969045045

39 Ablot the Grasshopper (level 3, 0/31 HPs)
             Began as a Gnoll Warper on Mar 5, 2022.
             Slain by a ball python (3 damage)
             ... on level 2 of the Dungeon.
             The game lasted 00:01:56 (665 turns).

Ablot the Grasshopper (Gnoll Warper)                 Turns: 665, Time: 00:01:57

Health: 0/31       AC:  3    Str: 12    XL:     3   Next: 47%
Magic:  9/9        EV:  9    Int: 12    God:
Gold:   33         SH:  0    Dex: 11    Spells: 10/12 levels left

rFire   . . .      SeeInvis .   a - +0 spear
rCold   . . .      Faith    .   (no shield)
rNeg    . . .      Spirit   .   b - +0 leather armour
rPois   +          Reflect  .   (no helmet)
rElec   .          Harm     .   (no cloak)
rCorr   .          Rampage  .   (no gloves)
Will    .....                   (no boots)
Stlth   +.........              (no amulet)
HPRegen 0.10/turn               g - ring of poison resistance
MPRegen 0.11/turn               (no ring)

@: lethally poisoned (0 -> -3), constricted
A: fangs 1, strong nose, distributed training
a: no special abilities


You were on level 2 of the Dungeon.
You visited 1 branch of the dungeon, and saw 2 of its levels.

You collected 33 gold pieces.

Inventory:

Hand Weapons
 a - a +0 spear (weapon)
Missiles
 d - 5 boomerangs of dispersal (quivered)
 f - 36 stones
Armour
 b - a +0 leather armour (worn)
Jewellery
 g - a ring of poison resistance (left hand)
Scrolls
 c - 3 scrolls of blinking
 e - 2 scrolls of teleportation {unknown}
Potions
 h - a potion of heal wounds {unknown}
 i - a potion of lignification {unknown}


   Skills:
 + Level 4.5 Fighting
 + Level 0.8 Short Blades
 + Level 0.8 Long Blades
 + Level 0.8 Axes
 + Level 0.8 Maces & Flails
 + Level 4.5 Polearms
 + Level 0.8 Staves
 + Level 0.8 Slings
 + Level 0.8 Bows
 + Level 0.8 Crossbows
 + Level 2.6 Throwing
 + Level 2.6 Armour
 + Level 4.5 Dodging
 + Level 0.8 Stealth
 + Level 0.8 Shields
 + Level 0.8 Unarmed Combat
 + Level 5.0 Spellcasting
 + Level 0.5 Conjurations
 + Level 0.5 Hexes
 + Level 0.5 Summonings
 + Level 0.5 Necromancy
 + Level 5.4 Translocations
 + Level 0.5 Transmutations
 + Level 0.5 Fire Magic
 + Level 0.5 Ice Magic
 + Level 0.5 Air Magic
 + Level 0.5 Earth Magic
 + Level 0.5 Poison Magic
 + Level 1.0 Invocations
 + Level 0.8 Evocations


You had 10 spell levels left.
You knew the following spells:

 Your Spells              Type           Power      Damage    Failure   Level
a - Blink                 Tloc           32%        N/A       4%          2

Your spell library contained the following spells:

 Spells                   Type           Power      Damage    Failure   Level
 Gell's Gravitas          Tloc           16%        N/A       9%          3
 Lesser Beckoning         Tloc           16%        N/A       9%          3
 Teleport Other           Tloc           16%        N/A       9%          3
 Ozocubu's Armour         Ice            4%         N/A       52%         3
 Manifold Assault         Tloc           16%        N/A       58%         5
 Metabolic Englaciation   Hex/Ice        2%         N/A       99%         5
 Simulacrum               Ice/Necr       2%         N/A       100%        6


Dungeon Overview and Level Annotations

Branches:
Dungeon (1/15)

Altars:


Innate Abilities, Weirdness & Mutations

You have very sharp teeth.
Your uncanny sense of smell can sniff out nearby items.
Your experience applies equally to all skills.


Message History

A ball python comes into view.
The jackal bites you.
You closely miss the jackal. The jackal bites you.
You hit the jackal.
You kill the jackal!
The ball python hisses angrily.
You see here a jackal corpse.
You see here a +0 mace.
An adder comes into view.
The adder hisses angrily.
You see here a +0 whip.
The adder completely misses you. The adder barely misses you.
You barely miss the adder. The adder closely misses you.
You barely miss the adder. You bite the adder.
The adder is lightly wounded.
The adder bites you.
You hit the adder but do no damage.
The adder is lightly wounded.
The adder closely misses you. The ball python barely misses you.
The ball python grabs you. The ball python constricts you.
You miss the adder.
The adder is lightly wounded.
The adder bites you but does no damage.
The ball python bites you but does no damage.
The ball python constricts you.
You barely miss the adder. The adder bites you.
You are poisoned.
The adder poisons you! The ball python bites you.
* * * LOW HITPOINT WARNING * * *
The ball python constricts you.
You barely miss the adder.
You feel sick. The adder bites you.
* * * LOW HITPOINT WARNING * * *
The ball python bites you.
* * * LOW HITPOINT WARNING * * *
The ball python constricts you.
* * * LOW HITPOINT WARNING * * *
You hit the adder.
The adder is moderately wounded.
The adder barely misses you. The ball python bites you.
You die...

. ##S.## #. #.)..#
#.##.#### ###....#
#......# .. #.####.# ..⌠.
#. #.#####..... #.
#.S.......# #.
##.@........ .#.####.###
#S#####..#.
..........###.#####..#
#........................
.#.............#####....
......###.####.# #.#
#....##.# #.# ####.##
##.....#.####.## #.....
#..............# #.##.#


You could see an adder and a ball python.

Vanquished Creatures
  An adder (D:2)
  An endoplasm (D:2)
  6 giant cockroaches
  3 hobgoblins (D:1)
  5 jackals
  A kobold (D:1)
  2 quokkas (D:1)
  2 bats (D:1)
  2 goblins (D:1)
  3 rats (D:1)
26 creatures vanquished.

Notes
Turn   | Place    | Note
-------+----------+-------------------------------------------
     0 | D:1      | Ablot the Gnoll Warper began the quest for the Orb.
     0 | D:1      | Reached XP level 1. HP: 20/20 MP: 6/6
   367 | D:1      | Reached XP level 2. HP: 26/26 MP: 7/7
   370 | D:1      | Learned a level 2 spell: Blink
   551 | D:1      | You fall into a shaft and drop 1 floor!
   561 | D:2      | Reached XP level 3. HP: 29/31 MP: 9/9
   621 | D:2      | Reached skill level 5 in Spellcasting
   636 | D:2      | Reached skill level 1 in Invocations
   643 | D:2      | Found a faded altar of an unknown god.
   665 | D:2      | Slain by a ball python

Illustrated notes

Levels and vault maps discovered:
D:1:      evilmike_arrival_rings, layout_rooms, minmay_hedge_maze, minmay_cupped
D:2:      layout_loops_ring, nicolae_ecumenical_snake_handling,
          minmay_misc_feat_tower, minmay_misc_feat_diagonals, grunt_ministairs_1

Skill      XL: |  1  2  3 |
---------------+----------+-----
Spellcasting   | 5 |  5.0
Invocations    | 1 |  1.0
Fighting       | |  4.5
Short Blades   | |  0.8
Long Blades    | |  0.8
Axes           | |  0.8
Maces & Flails | |  0.8
Polearms       | |  4.5
Staves         | |  0.8
Slings         | |  0.8
Bows           | |  0.8
Crossbows      | |  0.8
Throwing       | |  2.6
Armour         | |  2.6
Dodging        | |  4.5
Stealth        | |  0.8
Shields        | |  0.8
Unarmed Combat | |  0.8
Conjurations   | |  0.5
Hexes          | |  0.5
Summonings     | |  0.5
Necromancy     | |  0.5
Translocations | |  5.4
Transmutations | |  0.5
Fire Magic     | |  0.5
Ice Magic      | |  0.5
Air Magic      | |  0.5
Earth Magic    | |  0.5
Poison Magic   | |  0.5
Evocations     | |  0.8

Action                   || total
-------------------------++-------
Melee: Spear             ||   133
       Bite              ||    10
       Punch             ||     2
Armor: Leather armour    ||    17
Dodge: Dodged            ||    52
